 Dungeon Crawl Stone Soup version 0.30-a0-591-g3c58d2bc28 (webtiles) character file.

Game seed: 16516827643436684855

49 wormed the Insei (level 3, -2/23 HPs)
             Began as an Octopode Transmuter on Jan 4, 2023.
             Killed from afar by Natasha (8 damage)
             ... with a magic dart
             ... on level 2 of the Dungeon.
             The game lasted 00:01:43 (1342 turns).

wormed the Insei (Octopode Transmuter)              Turns: 1342, Time: 00:01:44

Health: -2/23      AC:  1    Str:  9    XL:     3   Next: 75%
Magic:  0/7        EV: 13    Int: 17    God:
Gold:   75         SH:  0    Dex: 12    Spells: 4/7 levels left

rFire   . . .      SeeInvis .      - Unarmed
rCold   . . .      Faith    .    (no shield)
rNeg    . . .      Spirit   +    (helmet currently unavailable)
rPois   .          Reflect  .    e - amulet of guardian spirit
rElec   .          Harm     .    c - ring of willpower
rCorr   .          Rampage  .    (no ring)
Will    +....                    (no ring)
Stlth   ++                       (no ring)
HPRegen 0.23/turn                (no ring)
MPRegen 0.10/turn                (no ring)
                                 (no ring)
                                 (no ring)

@: appendages, wereblooded
A: tentacle spike 3, almost no armour, amphibious, 8 rings, camouflage 1,
gelatinous body 1, (nimble swimmer 1), tentacles
a: End Transformation


You were on level 2 of the Dungeon.
One of your tentacles had grown a beastly spike.
You visited 1 branch of the dungeon, and saw 2 of its levels.

You collected 75 gold pieces.

Inventory:

Jewellery
 c - a ring of willpower (left tentacle)
 d - an amulet of magic regeneration
 e - an amulet of guardian spirit (around mantle)
Scrolls
 i - a scroll of identify
Potions
 a - a potion of lignification
 b - 2 potions of heal wounds {unknown}
 f - a potion of degeneration {unknown}
 g - a potion of mutation {unknown}
 h - a potion of brilliance


   Skills:
 - Level 1.0 Fighting
 - Level 2.0 Dodging
 - Level 3.0 Unarmed Combat
 + Level 2.6 Spellcasting
 + Level 2.7 Transmutations
 + Level 1.6 Ice Magic


You had 4 spell levels left.
You knew the following spells:

 Your Spells              Type           Power      Damage    Failure   Level
a - Beastly Appendage     Tmut           22%        N/A       6%          1
b - Wereblood             Tmut           11%        N/A       9%          2

Your spell library contained the following spells:

 Spells                   Type           Power      Damage    Failure   Level
 Spider Form              Tmut/Pois      6%         N/A       30%         3
 Ice Form                 Ice/Tmut       9%         N/A       58%         4


Dungeon Overview and Level Annotations

Branches:
Dungeon (2/15)

Altars:

Annotations:
D:2 Natasha


Innate Abilities, Weirdness & Mutations

One of your tentacles has grown a beastly spike.
You cannot wear most types of armour.
You are amphibious.
You can wear up to eight rings at the same time.
Your skin changes colour to match your surroundings (Stealth+).
Your rubbery body absorbs attacks. (AC +1, EV +1)
((You are camouflaged when in or above water. (Stealth+)))
You have tentacles for arms and can constrict up to eight enemies at once.


Message History

You tentacle-slap the endoplasm. You squeeze the endoplasm.
You kill the endoplasm!
Your transformation is almost over.
Your tentacle spike disappears.
Your primal bloodlust is almost over.
You howl as the wereblood boils in your veins!
Your primal bloodlust has ended.
Natasha, Servant of Life and Death comes into view.
Natasha is nearby!
Natasha is nearby!
Natasha is nearby!
Casting: Wereblood (safe; 9% risk of failure)
Confirm with . or Enter, or press ? or * to list all spells.
One of your tentacles grows a vicious spike.
Natasha hisses angrily.
Natasha claws you!
Casting: Beastly Appendage (safe; 6% risk of failure)
Confirm with . or Enter, or press ? or * to list all spells.
Your blood is infused with primal strength.
Natasha mumbles some strange words.
You feel disoriented. Natasha claws you.
You miss Natasha. You grab Natasha.
Your tentacle spike misses Natasha.
You constrict Natasha, but do no damage.
Natasha closely misses you.
You tentacle-slap Natasha but do no damage.
You constrict Natasha. Natasha claws you.
You barely miss Natasha. You squeeze Natasha, but do no damage.
Natasha is lightly wounded.
You constrict Natasha. Natasha claws you.
You tentacle-slap Natasha.
Natasha is moderately wounded.
You constrict Natasha. Natasha claws you.
* * * LOW HITPOINT WARNING * * *
You tentacle-slap Natasha.
You pierce Natasha.
Natasha is almost dead.
You constrict Natasha, but do no damage.
Natasha stares at you and mumbles some strange words.
The magic dart hits you!
You die...

#.####### #...#
#.h@...# ~~~≈
######.#
...#########.#
#............#
#.##≈#.###...#
#.##≈#.#≈≈.<.#
####.≈≈~..≈~.#..#
#.###..~≈....≈~##...#
#.....##≈≈..####.#..#


You could see Natasha.

Vanquished Creatures
  An adder (D:2)
  A gnoll (D:1)
  A dart slug (D:1)
  2 endoplasms
  A giant cockroach (D:1)
  4 goblins (D:1)
  4 hobgoblins
  2 jackals (D:1)
  A kobold (D:1)
  A quokka (D:1)
  2 ball pythons (D:1)
  3 bats (D:1)
  3 frilled lizards
  A rat (D:1)
27 creatures vanquished.

Notes
Turn   | Place    | Note
-------+----------+-------------------------------------------
     0 | D:1      | wormed the Octopode Transmuter began the quest for the Orb.
     0 | D:1      | Reached XP level 1. HP: 13/13 MP: 3/3
    76 | D:1      | Reached XP level 2. HP: 11/18 MP: 3/5
    80 | D:1      | Learned a level 2 spell: Wereblood
   220 | D:1      | Reached skill level 1 in Ice Magic
   397 | D:1      | Reached XP level 3. HP: 14/23 MP: 6/6
  1333 | D:2      | Noticed Natasha
  1342 | D:2      | Killed from afar by Natasha

Illustrated notes

Levels and vault maps discovered:
D:1:      wander_arrival_desolate, layout_basic
D:2:      layout_loops_ring, serial_rivers, chequers_serial_rivers_marsh,
          chequers_serial_rivers_micro_b, chequers_serial_rivers_small_3,
          chequers_serial_rivers_small_b, chequers_serial_rivers_micro_a,
          chequers_serial_rivers_small_a, serial_shops,
          nicolae_shop_hallway_plus, uniq_natasha

Skill      XL: |  1  2 |
---------------+-------+-----
Ice Magic      | 1 |  1.6
Fighting       | |  1.0
Dodging        | |  2.0
Unarmed Combat | |  3.0
Spellcasting   | |  2.6
Transmutations | |  2.7

Action                   || total
-------------------------++-------
Melee: Unarmed           ||    60
       Tentacles         ||    12
       Kick              ||    16
       Constrict         ||    18
 Cast: Beastly Appendage ||    15
       Wereblood         ||    13
  Use: Scroll            ||     4
Armor: Skin              ||     5
Dodge: Dodged            ||    47

Table legend: (Time is in decaauts)
 A = Elapsed time spent in this place.
 B = Non-inter-level travel time spent in this place.
 C = Inter-level travel time spent in this place.
 D = Time resting spent in this place.
 E = Time spent auto-exploring this place.
 F = Levels seen in this place.
 G = Mean time per level.
                   A        B        C        D        E       F      G
               +--------+--------+--------+--------+--------+-----+--------+
         Total |   1337 |   1320 |     17 |    300 |    802 |   2 |  668.5 |
       Dungeon |   1337 |   1320 |     17 |    300 |    802 |   2 |  668.5 |
               +--------+--------+--------+--------+--------+-----+--------+

Top non-repeatable levels by time:
     D:1: 1140 daAuts
     D:2: 197 daAuts
